 Dungeon Crawl Stone Soup version 0.27-a0-637-g3a9f0a9c12 (webtiles) character file.

Game seed: 9246493186484085176

18281 EnegeticOcto the Slicer (level 12, -6/87 HPs)
             Began as a Halfling Gladiator on Mar 14, 2021.
             Was the Champion of Uskayaw.
             Mangled by a sun demon (19 damage)
             ... on level 2 of the Orcish Mines.
             The game lasted 00:25:29 (3861 turns).

EnegeticOcto the Slicer (Halfling Gladiator)        Turns: 3861, Time: 00:25:30

Health: -6/87      AC: 28    Str: 15    XL:     12   Next: 93%
Magic:  14/18      EV: 13    Int: 13    God:    Uskayaw [******]
Gold:   1272       SH:  0    Dex: 22    Spells: 11/11 levels left

rFire    + . .     SeeInvis +   t - +8 arc blade {discharge, rElec}
rCold    + + +     Faith    .   (shield restricted)
rNeg     . . .     Spirit   .   L - +11 chain mail "Cysiduwk" {*Corrode +Fly Will+++ Int+3}
rPois    +         Reflect  .   M - +0 helmet {SInv}
rElec    +         Harm     .   Q - +1 cloak {rPois}
rCorr    .         Rampage  .   y - +0 pair of gloves
Will     ++...                  B - +1 pair of boots of Fedhas's Whim {rElec rF+ rC+++}
Stlth    ..........             A - amulet of regeneration
HPRegen  1.24/turn              P - ring of the Solstice {rC+ Will- Dex+5 SInv}
MPRegen  0.16/turn              (no ring)

@: no status effects
A: small, no large weapons, mutation resistance 1
a: Renounce Religion, Evoke Flight, Stomp, Line Pass, Grand Finale


You were on level 2 of the Orcish Mines.
You worshipped Uskayaw.
Uskayaw was aware of your devotion.
You visited 2 branches of the dungeon, and saw 12 of its levels.
You also visited: Bailey.

You collected 3110 gold pieces.
You spent 1838 gold pieces at shops.

Inventory:

Hand Weapons
 a - a +0 quarterstaff
 t - the +8 arc blade (weapon) {discharge, rElec}
   (You found it on level 4 of the Dungeon)

   It insulates you from electricity.
 O - a +1 vampiric dagger
   (You took it off an orc on level 2 of the Orcish Mines)
Missiles
 f - a curare-tipped dart
 r - a throwing net (quivered) {!f}
Armour
 b - a +0 leather armour
 c - a +0 helmet
 g - a scarf of repulsion
   (You found it on level 1 of the Dungeon)
 h - a +0 ring mail
   (You found it on level 1 of the Dungeon)
 i - a +0 pair of gloves
   (You found it on level 2 of the Dungeon)
 j - a +0 plate armour of poison resistance
   (You took it off an orc warrior on level 5 of the Dungeon)
 y - a +0 pair of gloves (worn)
   (You found it on level 5 of the Dungeon)
 B - the +1 pair of boots of Fedhas's Whim (worn) {rElec rF+ rC+++}
   (You found it on level 6 of the Dungeon)

   It protects you from fire.
   It renders you almost immune to cold.
   It insulates you from electricity.
 J - a +2 plate armour of fire resistance
   (You found it in a bailey)
 K - a +0 helmet
   (You found it on level 10 of the Dungeon)
 L - the +11 chain mail "Cysiduwk" (worn) {*Corrode +Fly Will+++ Int+3}
   (You bought it in a shop on level 1 of the Orcish Mines)

   It affects your intelligence (+3).
   It affects your willpower, your defense against some magical effects.
   It lets you fly.
   It may corrode you when you take damage.
 M - a +0 helmet of see invisible (worn)
   (You bought it in a shop on level 1 of the Orcish Mines)
 N - the +0 scale mail of Impressiveness {rF+ Int+3 Dex-5}
   (You bought it in a shop on level 1 of the Orcish Mines)

   It affects your intelligence (+3).
   It affects your dexterity (-5).
   It protects you from fire.
 Q - a +1 cloak of poison resistance (worn)
   (You bought it in a shop on level 2 of the Orcish Mines)
Jewellery
 k - a ring of fire
   (You found it on level 2 of the Dungeon)
 A - an amulet of regeneration (around neck)
   (You found it on level 5 of the Dungeon)
 P - the ring of the Solstice (right hand) {rC+ Will- Dex+5 SInv}
   (You bought it in a shop on level 2 of the Orcish Mines)

   [ring of see invisible]

   It affects your dexterity (+5).
   It protects you from cold.
   It affects your willpower, your defense against some magical effects.
   It lets you see invisible.
Wands
 s - a wand of flame (13) {@v4}
   (You took it off Sigmund on level 3 of the Dungeon)
 x - a wand of digging (5) {@v3}
   (You found it on level 5 of the Dungeon)
 F - a wand of iceblast (20) {@v2}
   (You found it on level 7 of the Dungeon)
Scrolls
 d - 4 scrolls of teleportation {@r3 !r}
 l - a scroll of immolation {unknown}
 p - 4 scrolls of enchant armour {unknown}
 q - a scroll of magic mapping {@r5 !r}
 v - a scroll of blinking {@r4}
 w - 2 scrolls of fog {!r}
 z - a scroll of identify {@r1}
 C - a scroll of fear {!r}
 H - 2 scrolls of enchant weapon
 I - a scroll of noise
Potions
 e - 3 potions of brilliance
 m - 2 potions of heal wounds {@q2 !q}
 n - 2 potions of magic
 o - a potion of cancellation
 u - 4 potions of curing {@q1 !q}
 D - 2 potions of resistance
 E - a potion of might {unknown}
 G - a potion of flight


   Skills:
 + Level 10.2 Fighting
 - Level 14.0 Short Blades
 - Level 5.7 Staves
 - Level 2.0 Throwing
 - Level 7.0 Armour
 - Level 7.9 Dodging
 + Level 8.0 Invocations
 - Level 5.0 Evocations


You had 11 spell levels left.
You didn't know any spells.
Your spell library contained the following spells:

 Spells                   Type           Power      Damage    Failure   Level
 Beastly Appendage        Tmut           0%         N/A       99%         1
 Wereblood                Tmut           0%         N/A       100%        2
 Confusing Touch          Hex            0%         N/A       100%        3
 Gell's Gravitas          Tloc           0%         N/A       100%        3
 Spider Form              Tmut/Pois      0%         N/A       100%        3
 Ice Form                 Ice/Tmut       0%         N/A       100%        4
 Petrify                  Tmut/Erth      0%         N/A       100%        4
 Blade Hands              Tmut           0%         N/A       100%        5
 Metabolic Englaciation   Hex/Ice        0%         N/A       100%        5
 Yara's Violent Unravell  Hex/Tmut       0%         3d3       100%        5


Dungeon Overview and Level Annotations

Branches:
Dungeon (10/15)               Orc (2/2) D:10            Elf (0/3) Orc:2
 Bailey (visited)
 Temple: D:4-7         Lair: D:8-11

Altars:
Elyvilon
Fedhas
Gozag
Makhleb
Nemelex Xobeh
Qazlal
Ru
Sif Muna
Trog
Uskayaw
Zin
Beogh

Shops:
D:10 (   Orc:1 [   Orc:2 **


Innate Abilities, Weirdness & Mutations

You are small and have problems with some larger weapons.
You are somewhat resistant to further mutation.


Message History

You hit the orc knight.
The orc knight is lightly wounded.
The orc knight roars a battlecry!
You hit the orc knight but do no damage.
The arc blade crackles.
The orc knight is struck by an arc of lightning!!
The orc knight is heavily wounded.
You resist.
You are struck by an arc of lightning.
The orc knight is struck by an arc of lightning.
The orc knight is heavily wounded.
Something is struck by an arc of lightning!
You feel a bit more experienced.
The orc knight is struck by an arc of lightning!
The orc knight is severely wounded.
The lightning grounds out.
The orc knight is severely wounded.
The orc knight is no longer sharing its pain.
You hit the orc knight.
The arc blade crackles.
The orc knight is struck by an arc of lightning!!
You kill the orc knight!
You resist.
You are struck by an arc of lightning.
You can now merge with and destroy a victim.
Your Fighting skill increases to level 10!
The red devil hops backward while attacking.
Something hits you!
Items here: ( ))) [[ †.
You hit the orc sorcerer.
The arc blade crackles.
The orc sorcerer is struck by an arc of lightning.
The orc sorcerer is heavily wounded.
The lightning grounds out.
The orc sorcerer is heavily wounded.
The orc sorcerer closely misses you.
Uskayaw prepares the audience for your solo!
The helpless orc sorcerer fails to defend itself.
You spit the orc sorcerer like a pig!!!
You kill the orc sorcerer!
You closely miss the red devil.
The orc knight is no longer paralysed.
A sun demon comes into view.
You closely miss the red devil.
The red devil hops backward while attacking.
Something hits you but does no damage.
The red devil hits you from afar with a +0 trident.
You hit the orc knight.
The arc blade crackles.
The orc knight is struck by an arc of lightning!
The orc knight is moderately wounded.
The red devil is struck by an arc of lightning.
The red devil is lightly wounded.
The orc knight is struck by an arc of lightning.
The orc knight is moderately wounded.
The lightning grounds out.
The orc knight is moderately wounded.
You puncture the orc knight!
The orc knight is heavily wounded.
The orc knight hits you with a +0 battleaxe!!
You are too injured to fight recklessly!
You are too injured to fight recklessly!
You hit the orc knight.
The orc knight is heavily wounded.
The red devil hits you from afar with a +0 trident!
You puncture the orc knight!
The arc blade crackles.
The orc knight is struck by an arc of lightning!!
The orc knight is almost dead.
The red devil is struck by an arc of lightning!
The red devil is moderately wounded.
The lightning grounds out.
The orc knight is almost dead.
The orc knight closely misses you.
You completely miss the orc knight.
The orc knight is almost dead.
The red devil misses you.
You hit the orc knight.
The orc knight is almost dead.
You puncture the orc knight!
The arc blade crackles.
A blue arc grounds itself harmlessly.
You kill the orc knight!
The red devil hits you but does no damage.
Your Invocations skill increases to level 8!
The red devil hits you from afar with a +0 trident.
You hit the sun demon but do no damage.
The arc blade crackles.
Some blue arcs ground themselves harmlessly.
The sun demon hits you but does no damage.
You miss the sun demon.
The red devil hits you but does no damage.
You barely miss the sun demon. The sun demon barely misses you.
You hit the sun demon.
The sun demon is lightly wounded.
The sun demon closely misses you.
You puncture the sun demon!
The sun demon is lightly wounded.
The red devil hits you from afar with a +0 trident.
You stomp with the beat, sending a shockwave through the revellers around you!
The sun demon is heavily wounded.
The sun demon hits you!!
You are engulfed in flames!
You resist.
* * * LOW HITPOINT WARNING * * *
The red devil hits you from afar with a +0 trident!
* * * LOW HITPOINT WARNING * * *
You hit the sun demon but do no damage.
The sun demon is heavily wounded.
The sun demon hits you!!
You die...

#.....#.∩## .. ##..#.....# ...
##.....#.∩## .#3# ##....#...##
### #...# ##...#....##### #..#
#...# ##....)...###..#
#...###...# ##.))###))####...
#...###..o###)..###))####....
#...###..)#@..###).###......
#....###.#3#.###..###.......
####....###4..###..###........
###........###.###..###.........
##...........#####..###)....÷.###
#.............###..###)))..).[###
##.............#..)##.)))..).8...
..................)........#.....
......#...................###.._.


You could see a sun demon and a red devil.

Vanquished Creatures
  An orc warlord (Bailey)
  A two-headed ogre (D:9)
  2 orc high priests (Orc:2)
  An unseen horror (D:10)
  5 orc knights
  2 orc sorcerers (Orc:2)
  A smoke demon (Orc:2)
  2 orange demons (Orc:2)
  A red devil (Orc:2)
  A troll (Orc:2)
  Sigmund (D:3)
  4 yaks (D:10)
  A chaos spawn (Orc:2)
  2 wargs (Orc:1)
  A sky beast (D:6)
  26 orc warriors
  An ice beast (D:10)
  2 centaurs
  6 ogres
  A phantom (D:5)
  A kobold brigand (D:7)
  3 bullfrogs
  A wyvern skeleton (D:10)
  2 scorpions (D:5)
  5 killer bees (D:9)
  5 wights (D:10)
  A howler monkey (D:9)
  5 hounds
  2 jellies
  A centaur zombie (D:5)
  15 orc priests
  2 bullfrog zombies
  3 iguanas
  9 orc wizards
  3 worker ants
  A hound zombie (D:9)
  A hound skeleton (D:10)
  A gnoll (Bailey)
  8 adders
  2 shadow imps
  2 white imps
  An ufetubus (D:5)
  An ooze (D:1)
  3 adder skeletons
  An adder zombie (D:5)
  A worm (D:2)
  A dart slug (D:3)
  4 leopard geckos
  48 orcs
  6 bats
  8 giant cockroaches
  12 goblins
  9 hobgoblins
  A jackal (D:5)
  20 kobolds
  A quokka (D:5)
  A ball python (D:6)
  3 frilled lizards
  A jackal skeleton (D:6)
  10 rats
267 creatures vanquished.

Vanquished Creatures (others)
  A plant (D:7)
1 creature vanquished.

Grand Total: 268 creatures vanquished

Notes
Turn   | Place    | Note
-------+----------+-------------------------------------------
     0 | D:1      | EnegeticOcto the Halfling Gladiator began the quest for the
                  | Orb.
     0 | D:1      | Reached XP level 1. HP: 14/14 MP: 1/1
    88 | D:1      | Reached XP level 2. HP: 11/19 MP: 2/2
    93 | D:1      | Reached skill level 3 in Staves
   188 | D:1      | Reached XP level 3. HP: 18/24 MP: 3/3
   255 | D:2      | Found a sparkling altar of Nemelex Xobeh.
   322 | D:2      | Reached XP level 4. HP: 20/29 MP: 4/4
   420 | D:2      | Reached skill level 4 in Staves
   606 | D:3      | Found a stormy altar of Qazlal.
   607 | D:3      | Noticed Sigmund
   648 | D:3      | Killed Sigmund
   649 | D:3      | Reached skill level 5 in Staves
   649 | D:3      | Reached XP level 5. HP: 13/34 MP: 5/5
   649 | D:3      | Reached XP level 6. HP: 15/39 MP: 6/6
   790 | D:4      | Found a bloodstained altar of Trog.
   791 | D:4      | Noticed a wizard
   805 | D:4      | Found a sacrificial altar of Ru.
   813 | D:4      | Became a worshipper of Ru the Awakened
   839 | D:4      | Found the +8 arc blade {discharge, rElec}
   920 | D:4      | Reached skill level 2 in Fighting
   920 | D:4      | Reached skill level 1 in Short Blades
   996 | D:5      | Entered Level 5 of the Dungeon
  1019 | D:5      | Found an opulent altar of Gozag.
  1019 | D:5      | Found a white marble altar of Elyvilon.
  1109 | D:5      | Reached skill level 2 in Short Blades
  1109 | D:5      | Reached XP level 7. HP: 44/45 MP: 7/7
  1116 | D:5      | Reached skill level 7 in Fighting
  1116 | D:5      | Reached skill level 12 in Short Blades
  1116 | D:5      | Reached XP level 8. HP: 60/60 MP: 8/8
  1656 | D:6      | Reached XP level 9. HP: 64/64 MP: 9/9
  1680 | D:6      | Identified the +1 pair of boots of Fedhas's Whim {rElec rF+
                  | rC+++}
  1847 | D:5      | Reached skill level 13 in Short Blades
  1870 | D:7      | Found a blossoming altar of Fedhas.
  1959 | D:6      | Found a bloodstained altar of Trog.
  1959 | D:6      | Found a shimmering blue altar of Sif Muna.
  1962 | D:6      | Found a hide-covered altar of Uskayaw.
  1970 | D:6      | Fell from the grace of Ru
  1970 | D:6      | Became a worshipper of Uskayaw the Reveller
  2001 | D:8      | Reached * piety under Uskayaw
  2035 | D:8      | Found a flagged portal.
  2046 | D:8      | Reached ** piety under Uskayaw
  2052 | Bailey   | Entered a bailey
  2057 | Bailey   | Noticed an orc warlord
  2112 | Bailey   | Found a runed translucent gate.
  2112 | Bailey   | Found a runed translucent gate.
  2112 | Bailey   | Found a runed translucent gate.
  2125 | Bailey   | Reached *** piety under Uskayaw
  2216 | Bailey   | Killed an orc warlord
  2217 | Bailey   | Reached skill level 8 in Fighting
  2217 | Bailey   | Reached skill level 2 in Armour
  2217 | Bailey   | Reached skill level 4 in Dodging
  2217 | Bailey   | Reached skill level 2 in Invocations
  2217 | Bailey   | Reached skill level 1 in Evocations
  2217 | Bailey   | Reached XP level 10. HP: 71/72 MP: 9/11
  2232 | Bailey   | Identified a scroll of acquirement
  2232 | Bailey   | Acquired 992 gold pieces
  2242 | D:8      | Reached skill level 7 in Armour
  2242 | D:8      | Reached skill level 7 in Dodging
  2242 | D:8      | Reached XP level 11. HP: 77/77 MP: 12/12
  2319 | D:9      | Found a glowing silver altar of Zin.
  2319 | D:9      | Found a burning altar of Makhleb.
  2320 | D:9      | Noticed a green death
  2320 | D:9      | Noticed an angel
  2350 | D:9      | Reached skill level 2 in Evocations
  2393 | D:9      | Identified the +7 great sword of Vashomint {freeze, rElec
                  | rF+}
  2416 | D:9      | Noticed a two-headed ogre
  2426 | D:9      | Killed a two-headed ogre
  2586 | D:10     | Entered Level 10 of the Dungeon
  2645 | D:10     | Reached **** piety under Uskayaw
  2646 | D:10     | Reached skill level 3 in Invocations
  2648 | D:10     | Reached ***** piety under Uskayaw
  2710 | D:10     | Found a staircase to the Orcish Mines.
  2711 | D:10     | Found Ocetitso's Weapon Boutique.
  2713 | D:10     | Reached skill level 14 in Short Blades
  2722 | D:10     | Reached skill level 3 in Evocations
  2809 | D:9      | Acquired 866 gold pieces
  2829 | D:10     | Killed an unseen horror
  2852 | Orc:1    | Entered Level 1 of the Orcish Mines
  3099 | Orc:1    | Found Urhodgh's Antique Armour Shop.
  3108 | Orc:1    | Bought a scorched chain mail for 304 gold pieces
  3108 | Orc:1    | Identified the +11 chain mail "Cysiduwk" {*Corrode +Fly
                  | Will+++ Int+3} (You bought it in a shop on level 1 of the
                  | Orcish Mines)
  3118 | Orc:1    | Bought a glowing helmet for 240 gold pieces
  3118 | Orc:1    | Bought a distressingly furry scale mail for 288 gold pieces
  3118 | Orc:1    | Identified the +0 scale mail of Impressiveness {rF+ Int+3
                  | Dex-5} (You bought it in a shop on level 1 of the Orcish
                  | Mines)
  3190 | Orc:2    | Entered Level 2 of the Orcish Mines
  3199 | Orc:2    | Reached skill level 4 in Invocations
  3314 | Orc:1    | Noticed an orc knight
  3320 | Orc:1    | Killed an orc knight
  3321 | Orc:1    | Reached skill level 4 in Evocations
  3321 | Orc:1    | Reached XP level 12. HP: 60/84 MP: 15/15
  3356 | Orc:2    | Noticed an orc high priest
  3374 | Orc:2    | Killed an orc high priest
  3375 | Orc:2    | Reached skill level 5 in Invocations
  3439 | Orc:2    | Reached skill level 9 in Fighting
  3450 | Orc:2    | Reached skill level 5 in Evocations
  3530 | Orc:2    | Found a staircase to the Elven Halls.
  3589 | Orc:2    | Found Mipsoynk's General Store.
  3605 | Orc:2    | Found Gywne's General Store.
  3638 | Orc:2    | Reached skill level 6 in Invocations
  3668 | Orc:2    | Reached ****** piety under Uskayaw
  3769 | Orc:2    | Reached skill level 7 in Invocations
  3791 | Orc:2    | Bought a potion of resistance for 130 gold pieces
  3793 | Orc:2    | Bought a scroll of teleportation for 48 gold pieces
  3793 | Orc:2    | Bought the ring of the Solstice {rC+ Will- Dex+5 SInv} for
                  | 564 gold pieces
  3793 | Orc:2    | Bought a +1 cloak of poison resistance for 216 gold pieces
  3793 | Orc:2    | Bought a potion of curing for 48 gold pieces
  3817 | Orc:2    | Noticed an orc high priest
  3831 | Orc:2    | Killed an orc high priest
  3840 | Orc:2    | Reached skill level 10 in Fighting
  3843 | Orc:2    | Noticed a sun demon
  3854 | Orc:2    | Reached skill level 8 in Invocations
  3861 | Orc:2    | Mangled by a sun demon

Illustrated notes

Levels and vault maps discovered:
D:1:      lemuel_arrival_rhombus, layout_basic
D:2:      layout_basic, lemuel_round_altar
D:3:      layout_loops_ring, nicolae_qazlal_general_emergency, uniq_sigmund
D:4:      layout_cave_pools, nicolae_ru_sacrificial_ziggurat, trog_wizard
D:5:      minmay_razor_zed, layout_loops_corners,
          gammafunk_temple_overflow_wave, minmay_between,
          uniq_crazy_yiuf_cottage
D:6:      layout_loops_ring, nicolae_overflow_hidden_temple,
          lemuel_doored_altar, minmay_temple_entry_enclosed_plants
D:7:      layout_basic, fedhas_altar_1, kennysheep_generic_room_14
D:8:      layout_gridville, enter_bailey_5, grunt_decor_resistance
D:9:      layout_roguey, grunt_temple_overflow_order_and_chaos_2,
          minmay_stone_trees_small, uniq_joseph
D:10:     layout_rooms, david_lair_shrubbed, orc_david_3
Orc:1:    layout_diamond_mine, serial_shops, shop
Orc:2:    pf_orc_diabolical, layout_diamond_mine, nicolae_orc_lost_temple

Skill      XL: |  1  2  3  4  5  6  7  8  9 10 11 12 |
---------------+-------------------------------------+-----
Staves         | 3 5 |  5.7
Fighting       | 2 7 8 10 | 10.2
Short Blades   | 2 12 13 14 | 14.0
Armour         | 2 7 |  7.0
Dodging        | 4 7 |  7.9
Invocations    | 2 4 8 |  8.0
Evocations     | 1 4 5 |  5.0
Throwing       | |  2.0

Action                   |  1- 3 |  4- 6 |  7- 9 | 10-12 || total
-------------------------+-------+-------+-------+-------++-------
Melee: Quarterstaff      |    77 |    94 |       |       ||   171
       Rapier            |       |     7 |   135 |   287 ||   429
Throw: Throwing net      |       |     4 |     1 |       ||     5
Invok: Stomp             |       |       |       |    10 ||    10
  Use: Scroll            |       |       |    10 |     6 ||    16
       Potion            |       |       |     1 |     1 ||     2
 Stab: Sleeping          |     2 |       |       |       ||     2
       Paralysed         |       |       |     2 |    23 ||    25
       Held in net/web   |       |       |     2 |       ||     2
Armor: Leather armour    |    12 |       |       |       ||    12
       Ring mail         |    12 |    38 |    19 |       ||    69
       Plate armour      |       |       |       |    36 ||    36
       Chain mail        |       |       |       |    78 ||    78
Dodge: Dodged            |    44 |    88 |    70 |    98 ||   300
       Repelled          |     1 |     3 |     2 |     1 ||     7

Table legend: (Time is in decaauts)
 A = Elapsed time spent in this place.
 B = Non-inter-level travel time spent in this place.
 C = Inter-level travel time spent in this place.
 D = Time resting spent in this place.
 E = Time spent auto-exploring this place.
 F = Levels seen in this place.
 G = Mean time per level.
                   A        B        C        D        E       F      G
               +--------+--------+--------+--------+--------+-----+--------+
         Total |   3685 |   3568 |    117 |      0 |      0 |  13 |  283.5 |
       Dungeon |   2607 |   2529 |     78 |      0 |      0 |  10 |  260.7 |
  Orcish Mines |    907 |    868 |     39 |      0 |      0 |   2 |  453.5 |
        Bailey |    170 |    170 |      0 |      0 |      0 |   1 |  170.0 |
               +--------+--------+--------+--------+--------+-----+--------+

Top non-repeatable levels by time:
     D:5: 525 daAuts
   Orc:2: 483 daAuts
   Orc:1: 423 daAuts
     D:9: 327 daAuts
     D:4: 324 daAuts
     D:3: 310 daAuts
     D:6: 252 daAuts
     D:1: 233 daAuts
     D:2: 228 daAuts
    D:10: 217 daAuts
  Bailey: 170 daAuts
     D:7: 100 daAuts
     D:8: 88 daAuts
